Map: Darkness Sanctuary LE

Players

Xerxes

  • Race: Zerg Zerg
  • League: Gold
  • Spawn Location: 5:00

barthak - Winner!

  • Race: Zerg Zerg
  • League: Gold
  • Spawn Location: 1:00

VOD

Have the link to the VOD?

Description

Time

  • Played on: May 23, 2018, 6:06 p.m.
  • Length: 15:39
Show
View Real Time Build Order
Export as new Build Order

Xerxes Zerg 

Build Orders: Pool First 

Get SALT Encoding   

  12  0:09  Overlord  
  12  0:16  Drone  
  13  0:24  Drone  
  14  0:29  Drone  
  15  0:41  Drone  
  16  0:43  Drone  
  16  0:47  Spawning Pool  
  16  0:50  Extractor  
  16  0:55  Drone  
  16  1:22  Drone  
  16  1:23  Drone  
  18  1:29  Drone  
  19  1:36  Overlord  
  19  1:38  Queen  
  21  1:59  Hatchery  
  20  2:08  Spine Crawler  
  19  2:09  Drone x3, Spine Crawler  
  21  2:21  Lair  
  20  2:48  Drone x2  
  20  2:49  Drone x2, Roach Warren  
  20  2:50  Drone  
  24  2:55  Extractor  
  23  3:13  Queen  
  25  3:35  Queen  
  25  3:37  Drone x3  
  25  3:39  Drone x5  
  25  3:40  Drone  
  36  3:46  Glial Reconstitution  
  36  3:49  Overseer  
  36  3:59  Overlord  
  36  4:00  Overlord  
  34  4:10  Roach  
  34  4:13  Spine Crawler  
  35  4:27  Roach x2  
  39  4:48  Roach x3  
  39  4:50  Hatchery  
  39  4:52  Roach  
  46  4:58  Overlord  
  46  5:02  Overlord  
  46  5:22  Overlord x2  
  46  5:25  Metabolic Boost  
  46  5:26  Zergling x2  
  46  5:27  Zergling x2  
  48  5:44  Zergling x2  
  48  5:45  Zergling x4  
  48  5:47  Roach x2  
  55  5:57  Overlord  
  55  6:01  Overseer  
  55  6:06  Roach x2  
  59  6:13  Roach x3  
  59  6:16  Roach  
  67  6:25  Roach x2  
  71  6:38  Roach x4  
  79  6:42  Roach  
  81  6:56  Roach x3  
  81  6:58  Roach  
  89  7:10  Roach  
  89  7:11  Zergling x2  
  89  7:15  Overlord  
  92  7:33  Overlord x2  
  92  7:36  Roach x2  
  92  7:37  Roach  
  98  7:45  Zergling x4  
  96  8:08  Roach x4  
  95  8:31  Spore Crawler x2  
  95  8:34  Hydralisk Den  
  29  9:32  Hydralisk x3  
  29  9:38  Hatchery  
  34  9:44  Grooved Spines  
  28  10:18  Hydralisk x3  
  31  11:12  Drone x3  
  34  11:21  Hydralisk x3  
  40  11:36  Hydralisk x2  
  44  11:59  Drone x3  
  47  12:14  Muscular Augments  
  47  12:23  Drone x2  
  49  12:46  Roach x4  
  49  12:50  Roach  
  59  12:59  Extractor  
  59  13:02  Extractor  
  57  13:09  Zergling x6  
  60  13:30  Roach  
  60  13:31  Roach x4  
  70  13:37  Queen  
  72  13:43  Queen  
  49  14:00  Hydralisk  
  49  14:01  Hydralisk x2  
  49  14:02  Hydralisk  
  51  14:11  Hydralisk x2  
  55  14:33  Roach x3  
  55  14:34  Roach  
  51  15:04  Roach  
  51  15:05  Roach x8  
  51  15:06  Roach  
  43  15:15  Roach  
  43  15:16  Roach  
Show
View Real Time Build Order
Export as new Build Order

barthak Zerg - Winner!

Build Orders: Pool First 

Get SALT Encoding   

  12  0:03  Drone  
  13  0:14  Overlord  
  13  0:20  Drone  
  14  0:33  Drone x2  
  16  0:37  Drone  
  17  0:48  Drone  
  18  0:53  Spawning Pool  
  17  1:01  Overlord  
  17  1:03  Extractor  
  16  1:13  Drone  
  17  1:27  Drone  
  18  1:35  Drone  
  19  1:47  Hatchery  
  19  1:48  Drone  
  19  1:53  Queen  
  21  2:02  Drone  
  22  2:12  Zergling x2  
  23  2:15  Metabolic Boost  
  23  2:45  Baneling Nest  
  23  2:51  Queen  
  24  3:07  Zergling x14  
  24  3:08  Queen  
  33  3:21  Drone x3  
  36  3:32  Overlord x2  
  36  4:01  Zergling x2  
  36  4:02  Zergling x6  
  40  4:11  Baneling x2  
  40  4:16  Drone x3  
  41  4:46  Zergling x2  
  41  4:47  Zergling x2  
  41  4:50  Overlord x4  
  43  4:58  Lair  
  43  5:28  Extractor  
  42  5:30  Drone x3  
  42  5:33  Hatchery  
  42  5:35  Extractor  
  43  5:36  Extractor  
  43  5:37  Drone x2  
  43  5:38  Drone  
  43  5:39  Drone x3  
  43  5:40  Drone  
  43  5:41  Drone x2  
  51  6:02  Overlord x3  
  51  6:07  Drone x5  
  56  6:28  Pneumatized Carapace  
  56  6:33  Spire  
  55  7:10  Zergling x8  
  55  7:11  Zergling x4  
  61  7:49  Mutalisk  
  61  7:50  Mutalisk x8  
  78  7:52  Zergling x10  
  78  7:53  Zergling x18  
  48  8:22  Drone x3  
  48  8:23  Drone x6  
  50  8:31  Mutalisk  
  49  8:34  Mutalisk  
  49  8:35  Mutalisk  
  41  8:44  Drone x2  
  41  8:45  Drone  
  35  9:02  Drone  
  34  9:03  Drone x3  
  37  9:17  Drone x5  
  42  9:43  Spawning Pool  
  42  9:44  Hatchery  
  40  9:49  Extractor  
  40  9:52  Drone x3  
  42  9:53  Drone x5  
  42  9:54  Drone  
  36  10:30  Drone x3  
  36  10:32  Queen  
  39  11:15  Roach Warren  
  38  11:20  Queen  
  38  11:25  Drone x3  
  43  11:33  Drone x3  
  46  11:51  Zergling x30  
  46  11:52  Zergling x2  
  62  12:07  Roach x5  
  72  12:13  Overlord x2  
  72  12:17  Queen  
  74  12:24  Roach  
  74  12:25  Roach x4  
  84  12:40  Roach x3  
  84  12:41  Roach  
  92  12:57  Roach  
  92  12:58  Roach x7  
  108  13:06  Glial Reconstitution  
  108  13:11  Overseer x2  
  108  13:14  Zergling x12  
  92  13:58  Roach  
  92  13:59  Roach x6  
  106  14:04  Overlord x4  
  106  14:20  Overlord x2  
  106  14:37  Ravager x3  
  109  14:39  Zergling x2  
  109  14:40  Zergling x16  
Tags
 
Add a new tag
Caveats
  • Supply blocks, unpowered buildings, or Contaminate may cause inaccurate times.
  • Supply counts are checked every 10 seconds.